 Dungeon Sprint DCSS version 0.20-a0-1009-gc986637 (webtiles) character file.

527 Roshambo the Basher (level 7, 0/58 HPs)
             Began as a Demonspawn Fighter on Apr 14, 2017.
             Was a Believer of Makhleb.
             Slain by a white ugly thing (29 damage)
             ... in the Dungeon (Sprint IX: "|||||||||||||||||||||||||||||").
             The game lasted 00:01:08 (403 turns).

Roshambo the Basher (Demonspawn Fighter)             Turns: 403, Time: 00:01:09

Health: 0/58       AC: 15    Str: 21    XL:     7   Next: 2%
Magic:  7/7        EV:  6    Int: 13    God:    Makhleb [**....]
Gold:   0          SH: 10    Dex: 12    Spells: 6/6 levels left

rFire    . . .     SeeInvis .   o - +2 morningstar (crush)
rCold    . . .     Gourm    .   c - +0 shield
rNeg     . . .     Faith    .   r - +0 plate armour
rPois    .         Spirit   .   (helmet restricted)
rElec    .         Reflect  .   q - +0 cloak
rCorr    .         Harm     .   p - +0 pair of gloves
MR       .....     NoTele   +   (no boots)
Stlth    ..........             (no amulet)
Regen    0.2/turn               s - +3 ring of intelligence
MPRegen  0.1/turn               t - +3 ring of strength

@: very slightly contaminated, invisible
A: horns 1, nightstalker 1, sturdy frame 1
a: Minor Destruction, Renounce Religion


You were in the Dungeon.
You worshipped Makhleb.
Makhleb was pleased with you.
You were not hungry.

You visited 1 branch

Inventory:

Hand Weapons
 a - a +0 flail
 o - a +2 morningstar of crushing (weapon)
Armour
 b - a +0 scale mail
 c - a +0 shield (worn)
 p - a +0 pair of gloves (worn)
 q - a +0 cloak (worn)
 r - a +0 plate armour (worn)
Jewellery
 s - a +3 ring of intelligence (left hand)
 t - a +3 ring of strength (right hand)
Wands
 n - a wand of iceblast (7/15)
Scrolls
 k - 2 scrolls of blinking
 l - 3 scrolls of remove curse
 m - 2 scrolls of amnesia
Potions
 d - a potion of might
 e - 4 potions of curing
 g - a potion of heal wounds
 h - a potion of haste
 i - 4 potions of magic
Comestibles
 f - a bread ration


   Skills:
 + Level 6.0 Fighting
 * Level 10.5 Maces & Flails
 + Level 5.8 Armour
 + Level 1.3 Dodging
 + Level 6.1 Shields


You had 6 spell levels left.
You didn't know any spells.

Dungeon Overview and Level Annotations

Branches:
Dungeon (1/1)

Altars:
Cheibriados
Dithmenos
Elyvilon
Fedhas
Gozag
Hepliaklqana
Kikubaaqudgha
Makhleb
Nemelex Xobeh
Okawaru
Qazlal
Ru
Sif Muna
Trog
Uskayaw
Vehumet
Wu Jian
Xom
Yredelemnul
Zin
The Shining One
Beogh
Jiyva
Lugonu


Innate Abilities, Weirdness & Mutations

You have a pair of small horns on your head.
You are slightly more attuned to the shadows.
Your movements are slightly less encumbered by armour. (ER -2)


Message History

The white ugly thing is heavily wounded.
The centaur shoots an arrow.
The arrow barely misses the white ugly thing.
The arrow hits you.
* * * LOW HITPOINT WARNING * * *
The acid dragon spits acid at the white ugly thing.
The splash of acid hits the centaur.
The centaur is splashed with acid.
The acid corrodes the centaur!
You block the white ugly thing's attack.
The centaur shouts!
You feel much better.
The white ugly thing pecks you but does no damage.
You barely miss the white ugly thing.
The white ugly thing is heavily wounded.
The white ugly thing pecks you but does no damage.
You puncture the white ugly thing!
The white ugly thing is severely wounded.
The white ugly thing pecks you. The white ugly thing freezes you!!
Ouch! That really hurt!
You die...

▓O▓
▓u▓
▓C▓
▓D▓
▓c▓
▓u▓
▓@▓
▓.▓
▓.▓
▓.▓
▓.▓
▓.▓
▓.▓
▓)▓
▓.▓


You could see 2 ugly things, a cyclops, an acid dragon, an ogre and a centaur.

Vanquished Creatures
  A hippogriff (D)
  A water moccasin (D)
  A sky beast (D)
  A bullfrog (D)
  A wight (D)
  An adder (D)
  A shadow imp (D)
  An adder skeleton (D)
  A dart slug (D)
  A ball python (D)
  A bat skeleton (D)
  A giant cockroach (D)
  A hobgoblin (D)
  A bat (D)
  A frilled lizard (D)
  A rat (D)
16 creatures vanquished.

Notes
Turn   | Place    | Note
-------+----------+-------------------------------------------
     0 | D        | Roshambo the Demonspawn Fighter began the quest for the Orb.
     0 | D        | Reached XP level 1. HP: 18/18 MP: 1/1
     5 | D        | Reached skill level 2 in Maces & Flails
     7 | D        | Reached skill level 3 in Maces & Flails
    25 | D        | Reached skill level 4 in Maces & Flails
    25 | D        | Gained mutation: You are slightly more attuned to the shadows. [demonic ancestry]
    25 | D        | Reached XP level 2. HP: 24/24 MP: 2/2
    33 | D        | Reached skill level 5 in Maces & Flails
    76 | D        | Found a roughly hewn altar of Beogh.
    76 | D        | Found a snail-covered altar of Cheibriados.
    76 | D        | Found a shadowy altar of Dithmenos.
    76 | D        | Found a white marble altar of Elyvilon.
    76 | D        | Found a blossoming altar of Fedhas.
    77 | D        | Found an opulent altar of Gozag.
    78 | D        | Found a hazy altar of Hepliaklqana.
    79 | D        | Found a viscous altar of Jiyva.
    80 | D        | Found an ancient bone altar of Kikubaaqudgha.
    81 | D        | Found a corrupted altar of Lugonu.
    82 | D        | Found a burning altar of Makhleb.
    83 | D        | Found a sparkling altar of Nemelex Xobeh.
    84 | D        | Found an iron altar of Okawaru.
    85 | D        | Found a stormy altar of Qazlal.
    86 | D        | Found a sacrificial altar of Ru.
    87 | D        | Found a deep blue altar of Sif Muna.
    88 | D        | Found a bloodstained altar of Trog.
    89 | D        | Became a worshipper of Makhleb the Destroyer
    90 | D        | Found a hide-covered altar of Uskayaw.
    91 | D        | Found a radiant altar of Vehumet.
    92 | D        | Found an ornate altar of the Wu Jian Council.
    93 | D        | Found a shimmering altar of Xom.
    94 | D        | Found a basalt altar of Yredelemnul.
    95 | D        | Found a glowing silver altar of Zin.
    96 | D        | Found a glowing golden altar of the Shining One.
   146 | D        | Noticed a hippogriff
   146 | D        | Noticed a sky beast
   146 | D        | Noticed a bullfrog
   146 | D        | Noticed a water moccasin
   146 | D        | Noticed a wight
   152 | D        | Killed a wight
   152 | D        | Reached skill level 6 in Maces & Flails
   152 | D        | Gained mutation: You have a pair of small horns on your head. [demonic ancestry]
   152 | D        | Reached XP level 3. HP: 30/30 MP: 3/3
   172 | D        | Killed a water moccasin
   172 | D        | Reached skill level 7 in Maces & Flails
   172 | D        | Reached skill level 1 in Dodging
   172 | D        | Reached XP level 4. HP: 26/38 MP: 4/4
   172 | D        | Reached XP level 5. HP: 30/43 MP: 5/5
   173 | D        | Reached * piety under Makhleb
   173 | D        | Reached skill level 5 in Fighting
   173 | D        | Reached skill level 8 in Maces & Flails
   173 | D        | Reached skill level 5 in Armour
   173 | D        | Reached skill level 5 in Shields
   181 | D        | Killed a sky beast
   181 | D        | Reached skill level 9 in Maces & Flails
   181 | D        | Gained mutation: Your movements are slightly less encumbered by armour. (ER -2) [demonic ancestry]
   181 | D        | Reached XP level 6. HP: 38/52 MP: 6/6
   190 | D        | Killed a hippogriff
   190 | D        | Reached skill level 10 in Maces & Flails
   190 | D        | Reached XP level 7. HP: 26/58 MP: 7/7
   193 | D        | Reached ** piety under Makhleb
   395 | D        | Noticed a purple ugly thing
   395 | D        | Noticed a cyclops
   395 | D        | Noticed a white ugly thing
   403 | D        | Slain by a white ugly thing

Vault maps used:
D:        linesprint

Skill      XL: |  1  2  3  4  5  6 |
---------------+-------------------+-----
Maces & Flails | 4 6 7 9 10 | 10.5
Armour         | 3 4 5 |  5.8
Shields        | 3 4 5 6 |  6.1
Fighting       | 4 5 6 |  6.0
Dodging        | 1 |  1.3

Action                   |  1- 3 |  4- 6 |  7- 9 || total
-------------------------+-------+-------+-------++-------
Melee: Flail             |    25 |       |       ||    25
       Morningstar       |    24 |    18 |     8 ||    50
       Headbutt          |     1 |     4 |     2 ||     7
  Use: Potion            |     3 |       |     2 ||     5
Armor: Scale mail        |     7 |       |       ||     7
       Plate armour      |    19 |    16 |     5 ||    40
Dodge: Dodged            |     8 |     4 |     1 ||    13
Block: Shield            |    24 |    13 |     3 ||    40
